 Dungeon Crawl Stone Soup version 0.21-a0-142-gdd972a7 (webtiles) character file.

7093 Ordine the Thaumaturge (level 10, -6/82 HPs)
             Began as a Deep Elf Wizard on July 22, 2017.
             Was an Elder of Sif Muna.
             Mangled by Snorg (8 damage)
             ... on level 11 of the Dungeon.
             The game lasted 00:46:30 (13677 turns).

Ordine the Thaumaturge (Deep Elf Wizard)           Turns: 13677, Time: 00:46:31

Health: -6/82      AC: 25    Str:  4    XL:     10   Next: 84%
Magic:  19/34      EV:  2    Int: 27    God:    Sif Muna [****..]
Gold:   594        SH:  0    Dex: 13    Spells: 11/27 levels left

rFire    . . .     SeeInvis .   O - +0 demon blade (elec)
rCold    . . .     Gourm    .   (no shield)
rNeg     + + +     Faith    .   (armour currently unavailable)
rPois    +         Spirit   .   (helmet currently unavailable)
rElec    .         Reflect  .   (cloak currently unavailable)
rCorr    .         Harm     .   (gloves currently unavailable)
MR       +....     NoTele   +   (boots currently unavailable)
Stlth    +++.......             (no amulet)
HPRegen  0.23/turn              o - ring of magical power
MPRegen  0.24/turn              (no ring)

@: tree-form
A: no striking features
a: Divine Energy, Channel Magic, Forget Spell, Renounce Religion


You were on level 11 of the Dungeon.
You worshipped Sif Muna.
Sif Muna was greatly pleased with you.
You were near starving.
You were a tree.
You visited 2 branches of the dungeon, and saw 12 of its levels.
You also visited: Sewer and Ossuary.

You collected 594 gold pieces.

Inventory:

Hand Weapons
 a - a +2 dagger of venom
 i - a +2 dagger of speed
 O - a +0 demon blade of electrocution (weapon)
Armour
 e - a +0 cloak (melded)
 j - a +1 pair of boots (melded)
 y - a +0 pair of gloves (melded)
 I - a +0 helmet (melded)
 M - a +0 robe of positive energy (melded)
Magical Staves
 b - an uncursed staff of poison
Jewellery
 o - a ring of magical power (left branch)
Wands
 C - a wand of lightning (6/15)
 P - a wand of iceblast (10/15)
Scrolls
 g - 5 scrolls of remove curse
 l - 4 scrolls of magic mapping
 n - 2 scrolls of amnesia
 q - 2 scrolls of summoning
 v - 9 scrolls of teleportation
 w - a scroll of blinking
 A - 4 scrolls of enchant weapon
 H - a scroll of fear
 J - a scroll of immolation
Potions
 h - 2 potions of magic
 k - 3 potions of ambrosia
 m - 4 potions of cancellation
 t - 3 potions of flight
 u - 2 potions of curing
 x - 3 potions of invisibility
 z - a potion of degeneration {unknown}
 D - 2 potions of brilliance
 E - a potion of mutation {unknown}
 F - a potion of agility {unknown}
 G - a potion of resistance {unknown}
Books
 c - a book of Minor Magic

   Spells                             Type                      Level
   a - Magic Dart                     Conjuration                  1
   b - Blink                          Translocation                2
   c - Call Imp                       Summoning                    2
   d - Slow                           Hexes                        2
   e - Conjure Flame                  Conjuration/Fire             3
   f - Mephitic Cloud                 Conjuration/Poison/Air       3
 K - a book of Changes

   Spells                             Type                      Level
   a - Beastly Appendage              Transmutation                1
   b - Sticks to Snakes               Transmutation                2
   c - Spider Form                    Transmutation/Poison         3
   d - Ice Form                       Ice/Transmutation            4
   e - Blade Hands                    Transmutation                5
 L - a book of Necromancy

   Spells                             Type                      Level
   a - Pain                           Necromancy                   1
   b - Animate Skeleton               Necromancy                   1
   c - Vampiric Draining              Necromancy                   3
   d - Regeneration                   Charms/Necromancy            3
   e - Animate Dead                   Necromancy                   4
   f - Control Undead                 Necromancy                   4
Comestibles
 d - 3 bread rations
 p - 9 meat rations
 r - 3 royal jellies
 s - 7 fruits


   Skills:
 + Level 2.9 Fighting
 + Level 4.7 Short Blades
 + Level 7.5 Dodging
 - Level 7.0 Stealth
 + Level 9.1 Spellcasting
 - Level 5.0 Conjurations
 + Level 1.3 Charms
   Level 1.1 Summonings
 + Level 0.8 Necromancy
 - Level 5.0 Translocations
 - Level 5.0 Fire Magic
 - Level 5.0 Air Magic
 + Level 3.6 Poison Magic
 + Level 4.8 Invocations
 + Level 4.1 Evocations


You had 11 spell levels left.
You knew the following spells:

 Your Spells              Type           Power        Failure   Level  Hunger
a - Magic Dart            Conj           ####         1%          1    None
b - Blink                 Tloc           N/A          1%          2    None
c - Conjure Flame         Conj/Fire      #####...     1%          3    None
d - Mephitic Cloud        Conj/Pois/Air  #####...     2%          3    None
e - Regeneration          Chrm/Necr      ###.......   9%          3    None
f - Animate Dead          Necr           N/A          32%         4    #......


Dungeon Overview and Level Annotations

Branches:
Dungeon (11/15)            Temple (1/1) D:4            Lair (0/6) D:9
    Orc: D:9-12

Altars:
Ashenzari
Cheibriados
Dithmenos
Elyvilon
Fedhas
Gozag
Hepliaklqana
Kikubaaqudgha
Makhleb
Nemelex Xobeh
Okawaru
Qazlal
Ru
Sif Muna
Trog
Uskayaw
Vehumet
Wu Jian
Xom
Yredelemnul
Zin
The Shining One
Beogh

Annotations:
D:6 Mulkerokala's ghost, novice DESu
D:11 Snorg


Message History

Aim: Snorg (flame, severely wounded, berserk, fast, unusually strong)
The magic dart hits Snorg.
Snorg is severely wounded.
Snorg is engulfed in blazing flames.
Snorg barely misses you. Snorg claws you.
* * * LOW HITPOINT WARNING * * *
Snorg claws you but does no damage.
Unknown command.
Unknown command.
Casting: Magic Dart
Confirm with . or Enter, or press ? or * to list all spells.
Aiming: Magic Dart
Press: ? - help, Shift-Dir - straight line, f/p - Snorg
Aim: Snorg (flame, almost dead, berserk, fast, unusually strong)
The magic dart hits Snorg.
Snorg is almost dead.
Your skin stops crawling.
Snorg is engulfed in blazing flames.
Snorg bites you!
* * * LOW HITPOINT WARNING * * *
Snorg claws you!
You die...

## .... . ....
.#+# ..... ....
..... ##..
...... ..#
......##.##.####
........<......#
.#.###♣###.####
#T# .§§ ##W..
..... ......
#.#.... #.#....#


You could see Snorg (berserk) and a phantom.

Vanquished Creatures
  A two-headed ogre (D:9)
  Pikel (D:5)
  Joseph (D:9)
  5 yaks (D:9)
  The ghost of Arkorax the Insei, an amateur DsMo (D:5)
  A soldier ant (D:10)
  A water moccasin (D:10)
  4 orc warriors (D:9)
  A hornet zombie (D:9)
  4 phantoms
  3 black bears
  2 sky beasts
  2 ice beasts
  A necrophage (D:8)
  5 ogres
  7 centaurs
  2 crocodiles
  A big kobold (D:7)
  Blork the orc (D:6)
  2 bullfrogs
  A water moccasin zombie (Ossuary)
  A wyvern zombie (D:8)
  2 scorpions
  A howler monkey (D:4)
  2 crimson imps
  A bullfrog zombie (D:5)
  5 orc priests
  4 jellies
  7 hounds
  5 orc wizards
  2 bullfrog skeletons (D:5)
  A centaur skeleton (D:9)
  Jessica (D:3)
  Natasha (D:4)
  2 iguanas
  9 worker ants
  Terence (D:3)
  3 big kobold zombies (Ossuary)
  2 mummies (Ossuary)
  2 worker ant zombies
  4 gnolls (D:7)
  A howler monkey skeleton (D:9)
  9 adders
  7 shadow imps
  6 oozes
  5 adder zombies (Ossuary)
  3 adder skeletons
  8 worms
  2 dart slugs
  11 leopard geckos
  54 orcs
  13 bats
  5 giant cockroaches
  2 gnoll zombies (Ossuary)
  6 goblins
  6 hobgoblins
  7 jackals
  5 quokkas
  A ball python (D:3)
  8 frilled lizards
  5 hobgoblin zombies (Ossuary)
  17 kobolds
  4 kobold zombies (Ossuary)
  A leopard gecko skeleton (D:7)
  A leopard gecko zombie (D:5)
  7 orc zombies (Ossuary)
  A quokka skeleton (D:4)
  5 rats
  A fungus (D:9)
304 creatures vanquished.

Vanquished Creatures (others)
  A slave (D:6)
  A hound (D:6)
  2 orc priests
  3 orc wizards (D:6)
  A worker ant (D:6)
  An adder zombie (Ossuary)
  2 orcs (D:5)
11 creatures vanquished.

Grand Total: 315 creatures vanquished

Notes
Turn   | Place    | Note
-------+----------+-------------------------------------------
     0 | D:1      | Ordine the Deep Elf Wizard began the quest for the Orb.
     0 | D:1      | Reached XP level 1. HP: 10/10 MP: 7/7
   114 | D:1      | Found an iron altar of Okawaru.
   264 | D:1      | Reached XP level 2. HP: 15/15 MP: 4/9
   299 | D:1      | Learned a level 2 spell: Blink
  1136 | D:2      | Reached XP level 3. HP: 19/19 MP: 6/11
  1179 | D:2      | Learned a level 3 spell: Conjure Flame
  1183 | D:2      | Learned a level 3 spell: Mephitic Cloud
  1815 | D:2      | Reached skill level 5 in Spellcasting
  2176 | D:2      | Reached XP level 4. HP: 22/24 MP: 2/13
  2445 | D:3      | Noticed Terence
  2557 | D:3      | Killed Terence
  2634 | D:3      | Noticed a phantom
  2656 | D:3      | Killed a phantom
  2656 | D:3      | Reached skill level 1 in Fire Magic
  2656 | D:3      | Reached skill level 1 in Air Magic
  2656 | D:3      | Reached XP level 5. HP: 26/28 MP: 1/14
  2984 | D:3      | Found a glowing drain.
  3018 | Sewer    | Entered a sewer
  3401 | Sewer    | Reached XP level 6. HP: 32/32 MP: 16/16
  4241 | D:3      | Noticed Jessica
  4247 | D:3      | Killed Jessica
  4469 | D:4      | Found a staircase to the Ecumenical Temple.
  4482 | D:4      | Reached skill level 6 in Spellcasting
  4489 | D:4      | Reached XP level 7. HP: 13/36 MP: 2/18
  4509 | Temple   | Entered the Ecumenical Temple
  4654 | Temple   | Became a worshipper of Sif Muna the Loreminder
  4934 | D:4      | Noticed Natasha
  4938 | D:4      | Killed Natasha
  4969 | D:4      | Found a burning altar of Makhleb.
  5294 | D:4      | Found a sacrificial altar of Ru.
  5462 | D:5      | Entered Level 5 of the Dungeon
  5471 | D:5      | Reached skill level 5 in Stealth
  5605 | D:5      | Noticed Arkorax's ghost (amateur DsMo)
  5637 | D:5      | Killed Arkorax's ghost
  5637 | D:5      | Reached * piety under Sif Muna
  5637 | D:5      | Reached XP level 8. HP: 18/41 MP: 1/19
  5871 | D:5      | Reached skill level 5 in Dodging
  6018 | D:5      | Reached skill level 1 in Short Blades
  6036 | D:5      | Got a shimmering shield
  6079 | D:5      | Found a sand-covered staircase.
  6087 | Ossuary  | Entered an ossuary
  6093 | Ossuary  | Identified the +5 shield of Xiocurhu {rPois rN++ Regen+ Int-5} (You took it off an orc on level 5 of the Dungeon)
  6710 | D:5      | Reached skill level 7 in Spellcasting
  6747 | D:5      | Reached ** piety under Sif Muna
  6868 | D:6      | Noticed Pikel
  6955 | D:5      | Killed Pikel
  6955 | D:5      | Reached skill level 1 in Invocations
  6955 | D:5      | Reached skill level 1 in Evocations
  6955 | D:5      | Reached XP level 9. HP: 35/45 MP: 17/21
  7049 | D:6      | Found a sparkling altar of Nemelex Xobeh.
  7100 | D:6      | Found a shadowy altar of Dithmenos.
  7102 | D:6      | Found a shimmering altar of Xom.
  7105 | D:6      | Found an iron altar of Okawaru.
  7244 | D:6      | Reached skill level 5 in Translocations
  7413 | D:6      | Noticed Blork the orc
  7421 | D:6      | Killed Blork the orc
  7421 | D:6      | Reached skill level 5 in Conjurations
  7812 | D:6      | Noticed Mulkerokala's ghost (novice DESu)
  8634 | D:7      | Reached skill level 1 in Poison Magic
  9088 | D:7      | Found a snail-covered altar of Cheibriados.
  9109 | D:7      | Reached skill level 1 in Fighting
  9306 | D:7      | Reached *** piety under Sif Muna
  9647 | D:8      | Reached skill level 5 in Fire Magic
 10387 | D:8      | Reached skill level 8 in Spellcasting
 10690 | D:9      | Reached XP level 10. HP: 52/52 MP: 20/24
 10839 | D:9      | Found a bloodstained altar of Trog.
 11114 | D:9      | Found a staircase to the Lair.
 11984 | D:9      | Found a roughly hewn altar of Beogh.
 12107 | D:9      | Reached skill level 5 in Air Magic
 12223 | D:9      | Found a shattered altar of Ashenzari.
 12406 | D:9      | Noticed Joseph
 12411 | D:9      | Noticed a two-headed ogre
 12420 | D:9      | Killed a two-headed ogre
 12420 | D:9      | Reached **** piety under Sif Muna
 12431 | D:9      | Killed Joseph
 12431 | D:9      | Reached skill level 9 in Spellcasting
 12660 | D:10     | Entered Level 10 of the Dungeon
 12895 | D:10     | Learned a level 3 spell: Regeneration
 12900 | D:10     | Learned a level 4 spell: Animate Dead
 13609 | D:11     | Reached skill level 1 in Charms
 13666 | D:11     | Noticed Snorg
 13677 | D:11     | HP: 2/82 [Snorg (13)]
 13677 | D:11     | Mangled by Snorg

Vault maps used:
D:1:      lightli_arrival_boilingwater, okawaru_ov_weapons_minmay
D:2:      kb_forest_paths
D:3:      cheibrodos_sewer_entry_bend, uniq_terence, uniq_jessica
D:4:      hangedman_ru_absence, old_standard_altar, temple_green, first_bread,
          uniq_natasha
D:5:      nicolae_ossuary_entry_plus, small_statue_intersection
D:6:      grunt_temple_overflow_open, minmay_holes, uniq_blork_the_orc,
          uniq_pikel
D:7:      kennysheep_mini_moat
D:8:      hangedman_decor_push
D:9:      trog_ov_bears_minmay, nicolae_ashenzari_panopticon, dpeg_oklobed_lair,
          special_room, uniq_joseph
D:11:     grunt_livestock, minivault_15, minmay_strange_pillars, uniq_psyche,
          uniq_maurice, uniq_grum, uniq_gastronok, uniq_snorg
Temple:   nicolae_temple_figure_eight
Sewer:    sewer_fruit_machine
Ossuary:  ossuary_tomb_2

Skill      XL: |  1  2  3  4  5  6  7  8  9 10 |
---------------+-------------------------------+-----
Dodging        | 3 4 5 6 7 |  7.5
Stealth        | 3 4 5 6 7 |  7.0
Spellcasting   | 5 6 7 8 9 |  9.1
Conjurations   | 2 3 4 5 |  5.0
Translocations | 2 3 4 5 |  5.0
Fire Magic     | 1 2 3 4 5 |  5.0
Air Magic      | 1 2 3 4 5 |  5.0
Short Blades   | 2 3 4 |  4.7
Invocations    | 1 3 4 |  4.8
Evocations     | 1 2 4 |  4.1
Poison Magic   | 2 3 |  3.6
Fighting       | 1 2 |  2.9
Charms         | 1 |  1.3
Summonings     | |  1.1
Necromancy     | |  0.8

Action                   |  1- 3 |  4- 6 |  7- 9 | 10-12 || total
-------------------------+-------+-------+-------+-------++-------
Melee: Mace              |     3 |       |       |       ||     3
       Dagger            |       |    58 |    11 |    39 ||   108
       Demon blade       |       |       |       |     3 ||     3
 Cast: Magic Dart        |   102 |   199 |   635 |   257 ||  1193
       Blink             |       |     4 |    11 |     8 ||    23
       Mephitic Cloud    |       |    11 |    21 |    16 ||    48
       Conjure Flame     |       |     6 |    20 |    11 ||    37
       Regeneration      |       |       |       |     1 ||     1
  Use: Scroll            |     9 |     3 |     9 |     4 ||    25
       Potion            |       |       |     3 |     2 ||     5
 Stab: Sleeping          |       |     1 |       |       ||     1
       Confused          |       |     1 |       |     2 ||     3
  Eat: Chunk             |     4 |     7 |    14 |     8 ||    33
       Bread ration      |       |       |     1 |       ||     1
Armor: Robe              |     8 |    30 |    44 |    19 ||   101
       Skin              |       |       |       |     6 ||     6
Dodge: Dodged            |    14 |    88 |   164 |    73 ||   339
       Rpst.: Demon blade |       |       |       |     4 ||     4
